 Dungeon Crawl Stone Soup version 0.24-a0-459-g225fefd530 (webtiles) character file.

Game seed: 8641234736018080868

28 Iscandelvey the Vexing (level 3, 26/26 HPs)
             Began as a Demonspawn Arcane Marksman on June 28, 2019.
             Quit the game on level 1 of the Dungeon.
             The game lasted 00:00:27 (436 turns).

Iscandelvey the Vexing (Demonspawn Arcane Marksman)  Turns: 436, Time: 00:00:28

Health: 26/26      AC:  2    Str: 10    XL:     3   Next: 0%
Magic:  4/4        EV: 12    Int: 15    God:
Gold:   24         SH:  0    Dex: 13    Spells: 3/4 levels left

rFire    . . .     SeeInvis .   a - +0 hunting sling
rCold    . . .     Gourm    .   (no shield)
rNeg     . . .     Faith    .   e - +0 robe
rPois    .         Spirit   .   (no helmet)
rElec    .         Reflect  .   (no cloak)
rCorr    .         Harm     .   (no gloves)
MR       .....                  (no boots)
Stlth    +.........             (no amulet)
HPRegen  0.08/turn              (no ring)
MPRegen  0.09/turn              (no ring)

@: no status effects
A: talons 2
a: no special abilities


You were on level 1 of the Dungeon.
You were not hungry.

You visited 1 branch of the dungeon, and saw 1 of its levels.

You collected 24 gold pieces.

Inventory:

Hand Weapons
 a - a +0 hunting sling (weapon)
Missiles
 d - 28 sling bullets (quivered)
 i - 5 stones
Armour
 e - a +0 robe (worn)
Scrolls
 g - a scroll of identify {unknown}
 h - a scroll of blinking {unknown}
Potions
 b - 2 potions of curing {unknown}
 c - a potion of might {unknown}
Comestibles
 f - 3 rations


   Skills:
 + Level 1.1 Fighting
 + Level 2.6 Slings
 + Level 2.0 Dodging
 + Level 1.0 Spellcasting
 + Level 3.3 Hexes


You had 3 spell levels left.
You knew the following spells:

 Your Spells              Type           Power        Failure   Level  Hunger
a - Corona                Hex            ##.....      6%          1    ##.....

Your spell library contained the following spells:

 Spells                   Type           Power        Failure   Level  Hunger
 Slow                     Hex            ##......     10%         2    ###....
 Inner Flame              Hex/Fire       #.......     36%         3    ####...
 Portal Projectile        Hex/Tloc       #.....       36%         3    ####...
 Cause Fear               Hex            ##........   54%         4    #####..
 Leda's Liquefaction      Hex/Erth       #.........   77%         4    #####..


Dungeon Overview and Level Annotations

Branches:
Dungeon (1/15)

Altars:


Innate Abilities, Weirdness & Mutations

You have razor-sharp toenails.


Message History

Things that are here:
a +0 club; a kobold corpse
Found a mace.
d - 25 sling bullets (gained 1)
d - 29 sling bullets (gained 4) Key pressed, stopping explore.
No target in view!
A kobold comes into view. It is wielding a +4 short sword.
The kobold shouts!
Firing (i - inventory. (/) - cycle)
d - 29 sling bullets (quivered)
Press: ? - help, Shift-Dir - straight line, f - kobold
Aim: a kobold, wielding a +4 short sword You shoot a sling bullet.
The sling bullet hits the kobold.
You kill the kobold!
You have reached level 3!
Your experience leads to an increase in your attributes!
Increase (S)trength, (I)ntelligence, or (D)exterity?
You feel clever.
Your demonic ancestry asserts itself...
Your toenails lengthen and sharpen.
Are you sure you want to abandon this character and quit the game? (Confirm with "yes".)

#.# #.#.###.. #.#
#.#..#...
######.###.#...##.
#).......)....###.
#.####.....##.# #.
#.# #..#####.# #.
#.# #.... ..# #.
#.# #..### ### #.
#@# #..# .
#...(........#
##.....#####.#
#.##### #


There were no monsters in sight!

Vanquished Creatures
  A dart slug (D:1)
  A giant cockroach (D:1)
  4 goblins (D:1)
  5 hobgoblins (D:1)
  2 ball pythons (D:1)
  3 bats (D:1)
  3 frilled lizards (D:1)
  4 kobolds (D:1)
23 creatures vanquished.

Notes
Turn   | Place    | Note
-------+----------+-------------------------------------------
     0 | D:1      | Iscandelvey the Demonspawn Arcane Marksman began the quest
                  | for the Orb.
     0 | D:1      | Reached XP level 1. HP: 15/15 MP: 2/2
   114 | D:1      | Gained mutation: You have sharp toenails. [demonic
                  | ancestry]
   114 | D:1      | Reached XP level 2. HP: 16/21 MP: 3/3
   435 | D:1      | Gained mutation: You have razor-sharp toenails. [demonic
                  | ancestry]
   435 | D:1      | Reached XP level 3. HP: 26/26 MP: 4/4
   436 | D:1      | Quit the game

Levels and vault maps discovered:
D:1:      dpeg_arrival_renting, layout_loops_ring, minmay_tall_x

Skill      XL: |  1  2 |
---------------+-------+-----
Slings         | 2 |  2.6
Dodging        | 2 |  2.0
Fighting       | |  1.1
Spellcasting   | |  1.0
Hexes          | |  3.3

Action                   || total
-------------------------++-------
 Fire: Hunting sling     ||    70
Armor: Robe              ||     6
Dodge: Dodged            ||    22

Table legend:
 A = Non-vault XP
 B = Vault XP
 C = Vault XP percentage of total XP
 D = Non-vault monster count
 E = Vault monster count
 F = Vault count percentage of total count
                 A         B        C        D         E       F
            +---------+---------+-------+---------+---------+-------
      Total |      37 |       4 |   9.8 |      20 |       3 |  13.0
            +---------+---------+-------+---------+---------+-------
        D:1 |      37 |       4 |   9.8 |      20 |       3 |  13.0
            +---------+---------+-------+---------+---------+-------
